 Dungeon Crawl Stone Soup version 0.21.1-1-g345015f (webtiles) character file.

326 Monsterracer the Digger (level 6, -1/36 HPs)
             Began as an Octopode Earth Elementalist on Feb 6, 2018.
             Was an Initiate of Ru.
             Slain by an orc
             ... wielding a +0 dagger
              (4 damage)
             ... on level 3 of the Dungeon.
             The game lasted 00:05:40 (3675 turns).

Monsterracer the Digger (OpEE)                      Turns: 3675, Time: 00:05:41

Health: -1/36      AC:  1    Str:  7    XL:     6   Next: 49%
Magic:  19/20      EV: 13    Int: 20    God:    Ru [......]
Gold:   128        SH:  0    Dex: 12    Spells: 1/12 levels left

rFire    . . .     SeeInvis .   h - +0 dagger
rCold    . . .     Gourm    .   (no shield)
rNeg     . . .     Faith    +   (helmet restricted)
rPois    +         Spirit   .   q - amulet of faith
rElec    .         Reflect  .   m - ring of magical power
rCorr    .         Harm     .   r - ring of poison resistance {!d}
MR       .....                  (no ring)
Stlth    +++.......             (no ring)
HPRegen  0.12/turn              (no ring)
MPRegen  0.17/turn              (no ring)
                                (no ring)
                                (no ring)

@: no status effects
A: almost no armour, stealthy swim, amphibious, 8 rings, constrict 8, camouflage
1, gelatinous body 1
a: Renounce Religion


You were on level 3 of the Dungeon.
You worshipped Ru.
Ru was noncommittal.
You were not hungry.

You visited 1 branch of the dungeon, and saw 4 of its levels.

You collected 128 gold pieces.

Inventory:

Hand Weapons
 h - a +0 dagger (weapon)
Missiles
 b - 67 stones (quivered)
Jewellery
 m - a ring of magical power (left tentacle)
 q - an amulet of faith (around mantle)
 r - a ring of poison resistance (right tentacle) {!d}
Wands
 o - a wand of iceblast (13)
Scrolls
 a - a scroll of amnesia {unknown}
 e - 2 scrolls of teleportation
 f - 2 scrolls of fog
 g - a scroll of remove curse
 i - a scroll of identify {unknown}
 n - a scroll of enchant weapon {unknown}
 s - a scroll of magic mapping {unknown}
Potions
 j - a potion of magic {unknown}
 k - a potion of might {unknown}
 l - a potion of mutation {unknown}
 p - a potion of brilliance {unknown}
 t - a potion of degeneration {unknown}
 u - a potion of invisibility {unknown}
Comestibles
 c - 3 rations


   Skills:
 - Level 2.0 Dodging
 - Level 2.6 Stealth
 + Level 3.6 Spellcasting
 + Level 1.5 Conjurations
 - Level 1.0 Transmutations
 * Level 5.8 Earth Magic


You had one spell level left.
You knew the following spells:

 Your Spells              Type           Power        Failure   Level  Hunger
a - Sandblast             Erth           ####..       1%          1    None
c - Stone Arrow           Conj/Erth      ###...       9%          3    ###....
d - Lee's Rapid Deconstr  Erth           ####......   32%         5    ######.
x - Passwall              Tmut/Erth      ###.......   4%          2    ##.....


Dungeon Overview and Level Annotations

Branches:
Dungeon (4/15)
 Temple: D:4-7

Altars:
Ashenzari
Cheibriados
Ru
The Shining One


Innate Abilities, Weirdness & Mutations

You cannot wear most types of armour.
You are very stealthy in the water. (Stealth+)
You are amphibious.
You can wear up to eight rings at the same time.
You can use your tentacles to constrict eight enemies at once.
Your skin changes colour to match your surroundings (Stealth+).
Your rubbery body absorbs attacks. (AC +1, EV +1)


Message History

A hound comes into view.
You closely miss the leopard gecko.
The hound barks!
You grab the leopard gecko. Your squeeze misses the leopard gecko.
You constrict the leopard gecko. The leopard gecko barely misses you.
You hit the leopard gecko but do no damage.
The leopard gecko is lightly wounded.
You constrict the leopard gecko. The leopard gecko barely misses you.
You hit the leopard gecko.
The leopard gecko is severely wounded.
You constrict the leopard gecko.
You kill the leopard gecko!
The hound bites you. The hound misses you.
You take 2 damage, and have 34/36 hp.
You closely miss the hound. You grab the hound.
You constrict the hound, but do no damage.
The hound bites you.
You take 1 damage, and have 33/36 hp.
Casting: Sandblast
Confirm with . or Enter, or press ? or * to list all spells.
Aiming: Sandblast
Press: ? - help, Shift-Dir - straight line, f - hound
Aim: a hound (constricted by you)
The blast of sand hits the hound.
The hound is heavily wounded.
b - 70 stones You constrict the hound, but do no damage.
The hound bites you. The hound misses you.
You take 4 damage, and have 29/36 hp.
You now have 19/20 mp.
Casting: Sandblast
Confirm with . or Enter, or press ? or * to list all spells.
Aiming: Sandblast
Press: ? - help, Shift-Dir - straight line, f/p - hound
Aim: a hound (heavily wounded, constricted by you)
The blast of sand hits the hound.
You kill the hound!
b - 69 stones You now have 18/20 mp.
Found a stone staircase leading up.
Health restored: 36; MP restored: 20 An orc priest comes into view.
It is wielding a club.
You see here 7 gold pieces.
You now have 128 gold pieces (gained 7).
The orc priest shouts!
The orc priest moves out of view.
An orc and a skeleton come into view.
An orc comes into view.
The orc shouts! x2
The howler monkey skeleton moves out of view. 2 orcs come into view.
The orc priest mumbles some strange prayers to Beogh against you.
Beogh smites you!
The orc shouts!
You take 11 damage, and have 25/36 hp.
MASSIVE DAMAGE!!
The orc barely misses you. The orc barely misses you.
The howler monkey skeleton hits you.
There is a stone staircase leading up here.
You take 1 damage, and have 24/36 hp.
The howler monkey skeleton barely misses you.
The orc misses you.
You climb upwards.
There is a stone staircase leading down here.
Casting: Sandblast
Confirm with . or Enter, or press ? or * to list all spells.
Aiming: Sandblast
Press: ? - help, Shift-Dir - straight line, f - orc
Aim: an orc, wearing a ring mail The blast of sand hits the orc.
You kill the orc!
b - 68 stones You now have 19/20 mp.
You climb downwards.
The orc priest mumbles some strange prayers to Beogh against you.
Beogh smites you!
* * * LOW HITPOINT WARNING * * *
The orc misses you. The orc hits you but does no damage.
The howler monkey skeleton barely misses you.
The orc closely misses you.
There is a stone staircase leading up here.
You take 13 damage, and have 11/36 hp.
MASSIVE DAMAGE!!
The orc completely misses you. The howler monkey skeleton hits you.
* * * LOW HITPOINT WARNING * * *
The orc hits you from afar with a trident.
* * * LOW HITPOINT WARNING * * *
You climb upwards.
There is a stone staircase leading down here.
You take 8 damage, and have 3/36 hp.
MASSIVE DAMAGE!!
MP restored: 20 Unknown command.
Unknown command.
Casting: Sandblast
Confirm with . or Enter, or press ? or * to list all spells.
Aiming: Sandblast
Press: ? - help, Shift-Dir - straight line, f - orc
Aim: an orc, wielding a dagger and wearing a chain mail The blast of sand hits the orc.
b - 67 stones The orc hits you with a dagger.
You die...

##_ #.####.#.....#.#. ##8. #.#
#.#.#####.#. ####. #.#
#.#(........ #.#>
#.####.......#.#. #.#
#####.........#.#. #.# ##
#...(......... ###.#
####.........####
....#############.....######.....
...............?@o.......# ######
#####################..#.###.....
#..#..##.#### #...#.##.#[#.
#.#.#..#.#... # ####.#.##.#.#.#.
# ####....#..#.#.#.#. #
#.....####.#...#.#. #
#.....####..#..#...


You could see an orc.

Vanquished Creatures
  An ice beast (D:3)
  A sky beast (D:4)
  Crazy Yiuf (D:3)
  A hound (D:4)
  2 adders (D:2)
  A worm (D:3)
  2 dart slugs
  A leopard gecko (D:4)
  5 orcs
  7 giant cockroaches
  6 goblins
  6 hobgoblins
  3 ball pythons
  6 bats
  5 frilled lizards
  5 kobolds
  A leopard gecko skeleton (D:4)
  6 rats
60 creatures vanquished.

Notes
Turn   | Place    | Note
-------+----------+-------------------------------------------
     0 | D:1      | Monsterracer the Octopode Earth Elementalist began the quest for the Orb.
     0 | D:1      | Reached XP level 1. HP: 11/11 MP: 3/3
   232 | D:1      | Reached XP level 2. HP: 17/17 MP: 5/5
   239 | D:1      | Learned a level 2 spell: Passwall
   680 | D:1      | HP: 7/17 [hobgoblin/club (3)]
  1242 | D:2      | Found a shattered altar of Ashenzari.
  1264 | D:2      | Reached XP level 3. HP: 18/21 MP: 3/6
  1269 | D:2      | Learned a level 3 spell: Stone Arrow
  1343 | D:2      | HP: 10/21 [kobold/short sword (3)]
  1638 | D:2      | Found a glowing golden altar of the Shining One.
  1687 | D:2      | Found a sacrificial altar of Ru.
  1690 | D:2      | Reached skill level 4 in Earth Magic
  1720 | D:2      | Became a worshipper of Ru the Awakened
  2128 | D:2      | Reached XP level 4. HP: 27/27 MP: 6/8
  2347 | D:3      | Noticed an ice beast
  2354 | D:3      | Killed an ice beast
  2354 | D:3      | Reached skill level 5 in Earth Magic
  2354 | D:3      | Reached XP level 5. HP: 31/31 MP: 1/9
  2707 | D:3      | Found a snail-covered altar of Cheibriados.
  3141 | D:3      | Found a runed door.
  3171 | D:3      | Noticed Crazy Yiuf
  3176 | D:3      | Killed Crazy Yiuf
  3323 | D:4      | Noticed a sky beast
  3330 | D:4      | HP: 13/31 [sky beast (4)]
  3333 | D:4      | Killed a sky beast
  3333 | D:4      | Reached skill level 1 in Conjurations
  3333 | D:4      | Reached XP level 6. HP: 9/36 MP: 7/11
  3340 | D:4      | Learned a level 5 spell: Lee's Rapid Deconstruction
  3672 | D:4      | HP: 11/36 [orc priest/divine providence (14)]
  3673 | D:4      | HP: 3/36 [orc/trident (5)]
  3675 | D:3      | Slain by an orc

Skill      XL: |  1  2  3  4  5 |
---------------+----------------+-----
Earth Magic    | 4 5 |  5.8
Spellcasting   | 3 |  3.6
Conjurations   | 1 |  1.5
Dodging        | |  2.0
Stealth        | |  2.6
Transmutations | |  1.0

Action                   |  1- 3 |  4- 6 || total
-------------------------+-------+-------++-------
Melee: Unarmed           |    19 |       ||    19
       Constrict         |    18 |     7 ||    25
       Tentacles         |     8 |     2 ||    10
       Dagger            |    43 |    18 ||    61
 Cast: Sandblast         |    18 |    26 ||    44
       Stone Arrow       |     4 |     8 ||    12
  Use: Scroll            |     4 |     2 ||     6
 Stab: Sleeping          |    14 |     6 ||    20
  Eat: Chunk             |     4 |     6 ||    10
Armor: Skin              |     8 |     1 ||     9
Dodge: Dodged            |    39 |    19 ||    58

Vault maps used:
D:1:      dpeg_arrival_round_c
D:2:      evilmike_ruin_ashenzari, lemuel_doored_altar, old_standard_altar
D:3:      nicolae_overflow_hidden_temple, uniq_crazy_yiuf_cottage
D:4:      marbit_many_paths, gammafunk_temple_overflow_statue, first_ration,
          kennysheep_generic_room_15
